AoeStats
← FlinkerBär

Arena

510623383Analyzed
2v2 RM · 16h ago on Oct 1, 2026· 39m 5s· 4 players
Game mode
Random Map
Map size
Medium (4 player)
Population
200
Speed
Normal
Resources
Standard
Victory
Conquest
Starting age
Dark Age
Ending age
Imperial Age
RankedLock teamsTeams togetherTeam positionsShared explorationLock speedFull tech treeHidden civsTurbo modeCheats
Victory
Defeat
🇦🇹 Varangians · Austria
1248
+14
🇦🇹 Bohemians · Austria
1243
+15
🇩🇪 Vietnamese · Germany
1234
-15
🇨🇴 Varangians · Colombia
1190
-14
lagro
11:26 Feudal Age
12:29 Loom
12:35 Horse Collar
13:02 Double-Bit Axe
16:41 Castle Age
14:48 Stone Mining
18:00 Town Watch
20:43 Gold Mining
22:56 Fletching
23:29 Padded Archer Armor
24:49 Leather Archer Armor
25:52 Wheelbarrow
25:47 Bodkin Arrow
26:03 Squires
26:44 Thumb Ring
32:53 Imperial Age
30:26 Murder Holes
30:42 Masonry
30:42 Fortified Wall
31:15 Forging
31:06 Scale Mail Armor
32:09 Stone Shaft Mining
32:35 Iron Casting
31:21 Pikeman
31:47 Arson
33:13 Chain Mail Armor
33:32 Hand Cart
33:51 Bow Saw
33:49 Halberdier
35:39 Ballistics
36:19 Chemistry
36:38 Plate Mail Armor
ChanDanielz
10:52 Feudal Age
12:29 Loom
15:01 Castle Age
13:11 Horse Collar
14:14 Double-Bit Axe
20:06 Bow Saw
22:10 Wheelbarrow
21:55 Bloodlines
22:20 Scale Barding Armor
23:55 Husbandry
24:05 Town Watch
24:25 Gold Mining
24:26 Stone Mining
25:09 Stone Mining
25:50 Hand Cart
29:10 Chain Barding Armor
29:01 Forging
31:31 Iron Casting
31:56 Town Patrol
32:03 Heavy Plow
34:56 Imperial Age
35:23 Fletching
35:08 Cavalier
36:25 Plate Barding Armor
37:42 Blast Furnace
36:50 Bodkin Arrow
38:18 Conscription
37:52 Vendel Legacy
Obnoxxxious
9:35 Feudal Age
10:44 Loom
13:28 Castle Age
11:38 Double-Bit Axe
12:49 Horse Collar
20:19 Bow Saw
21:14 Heavy Plow
22:51 Wheelbarrow
22:57 Wheelbarrow
22:11 Town Watch
27:38 Imperial Age
25:26 Hand Cart
25:05 Gold Mining
25:37 Bloodlines
26:05 Husbandry
26:15 Scale Barding Armor
26:57 Forging
27:15 Chain Barding Armor
27:20 Stone Mining
28:00 Cavalier
29:21 Plate Barding Armor
29:28 Stone Shaft Mining
29:31 Forging
32:22 Chemistry
32:05 Iron Casting
31:36 Vendel Legacy
33:15 Conscription
34:13 Blast Furnace
33:25 Masonry
32:56 Capped Ram
35:12 Light Cavalry
36:19 Siege Engineers
36:10 Fletching
37:37 Siege Ram
39:15 Bodkin Arrow
39:28 Caravan
FlinkerBär
10:21 Feudal Age
14:30 Castle Age
12:43 Double-Bit Axe
13:10 Horse Collar
14:31 Loom
20:05 Bow Saw
21:17 Wheelbarrow
23:36 Fervor
25:02 Sanctity
28:07 Imperial Age
27:10 Chemistry
26:35 Padded Archer Armor
26:37 Scale Mail Armor
27:16 Heavy Plow
27:36 Hand Cart
27:20 Elite Skirmisher
28:17 Leather Archer Armor
28:42 Pikeman
29:15 Fletching
29:32 Murder Holes
29:47 Fortified Wall
34:21 Bodkin Arrow
35:00 Ring Archer Armor
34:41 Town Watch
35:17 Houfnice
36:12 Halberdier
36:55 Squires
37:06 Bodkin Arrow
38:03 Chain Mail Armor
38:00 Forging
Connection lost

Rejoining the realm…

Still unreachable

The connection could not be restored.

Session expired

The server has moved on; the page needs a fresh start.